 Dungeon Crawl Stone Soup version 0.18.1-5-g4a78601 (webtiles) character file.

219 ololoev the Covered (level 6, 0/47 HPs)
             Began as a Formicid Wanderer on May 12, 2016.
             Was a Believer of Pakellas.
             Succumbed to a kobold's poison
             ... on level 3 of the Dungeon.
             The game lasted 00:06:31 (2274 turns).

ololoev the Covered (Formicid Wanderer)             Turns: 2274, Time: 00:06:31

Health: 0/47       AC: 10    Str: 25    XL:     6   Next: 17%
Magic:  8/8        EV: 15    Int: 14    God:    Pakellas [**....]
Gold:   146        SH:  0    Dex: 16    Spells: 0 memorised, 5 levels left

rFire  . . .     SeeInvis +     a - +0 war axe
rCold  . . .     Gourm    .     d - +2 scale mail
rNeg   . . .     Faith    .     (no shield)
rPois  .         Spirit   .     (helmet unavailable)
rElec  .         Dismiss  .     (no cloak)
rCorr  .         Reflect  .     (no gloves)
SustAt .         Harm     .     (no boots)
MR     .....                    (no amulet)
Stlth  ++........               (no ring)
                                k - +1 ring of protection

@: mighty, brilliant, agile, lethally poisoned (0 -> -7), flying, not resistant
to hostile enchantments, unstealthy
A: permanent stasis, dig shafts and tunnels, four strong arms, antennae 3
a: Dig, Shaft Self, Quick Charge, Renounce Religion


Innate Abilities, Weirdness & Mutations

You are under a permanent stasis effect.
You can dig through walls and to a lower floor.
Your four strong arms can wield two-handed weapons with a shield.
You have a pair of large antennae on your head (SInv).

Inventory:

Hand Weapons
 a - a +0 war axe (weapon)
Armour
 d - a +2 scale mail (worn)
Jewellery
 k - a +1 ring of protection (left hand)
Wands
 l - a wand of polymorph (7/24)
 p - a wand of confusion (29/48)
 v - a wand of teleportation (2/9)
Scrolls
 c - 4 scrolls of teleportation {unknown}
 e - 5 scrolls of remove curse {unknown}
 g - 3 scrolls of identify {unknown}
 h - a scroll of amnesia {unknown}
 i - 4 scrolls of random uselessness {unknown}
 j - a scroll of recharging {unknown}
 n - a scroll of enchant weapon {unknown}
 q - a scroll of blinking {unknown}
 r - 3 scrolls of noise {unknown}
 y - a scroll of enchant armour {unknown}
Miscellaneous
 x - a phantom mirror
Comestibles
 b - 3 meat rations
 f - 4 bread rations
 t - a beef jerky


   Skills:
 + Level 3.3 Fighting
 * Level 3.9(4.0) Axes
   Level 1.0(2.6) Maces & Flails
 + Level 4.5 Armour
 - Level 1.2 Stealth
 * Level 2.9 Evocations


You had 5 spell levels left.
You didn't know any spells.


You were on level 3 of the Dungeon.
You worshipped Pakellas.
Pakellas was pleased with you.
You were not hungry.

You visited 1 branch of the dungeon, and saw 3 of its levels.

You collected 146 gold pieces.

......# #.......# ......#
############# .##+### { ##[..##
##...## .##.# ##.....###.....##
..#.#{{ #...[...#.......# ..#.# {
#...S...#.......# ..#.# {
#..r....#.......# #...#
#.....###..)..## ##..### #.@.#
##...####### [.....#
#######'#######'##......
))..#............((.....(...#####
.[..#.......................#
<...# ............)S.......<#
....# #+#######(#######(####
....# #...# ##...## ###.#
#.....###..(..## # #.#
#.......#.......#

Notes
Turn   | Place    | Note
--------------------------------------------------------------
     0 | D:1      | ololoev the Formicid Wanderer began the quest for the Orb.
     0 | D:1      | ololoev set off with: a +2 scale mail, a +0 hand crossbow, 27 bolts, a +0 hand axe, a bread ration
     0 | D:1      | Reached XP level 1. HP: 16/16 MP: 1/1
   124 | D:1      | Reached XP level 2. HP: 12/23 MP: 2/2
   453 | D:1      | jacquesderrida: SLICED
   453 | D:1      | jacquesderrida: AND DICED
   453 | D:1      | jacquesderrida: AND PACKED
   453 | D:1      | jacquesderrida: AND SHIPPED
   455 | D:1      | jacquesderrida: AND SUNK
   455 | D:1      | ololoev: да это жесть
   455 | D:1      | ololoev: это нереально
   581 | D:1      | jacquesderrida: ВАЩЕ АНРИЛЧИК
   738 | D:1      | Reached XP level 3. HP: 27/28 MP: 3/3
  1144 | D:2      | Reached skill level 4 in Armour
  1144 | D:2      | Reached XP level 4. HP: 34/34 MP: 4/4
  1387 | D:2      | Found a faded altar to an unknown god.
  1403 | D:2      | Became a worshipper of Pakellas the Inventive
  1403 | D:2      | Reached * piety under Pakellas
  1403 | D:2      | Received a gift from Pakellas
  1902 | D:3      | Reached ** piety under Pakellas
  1902 | D:3      | Received a gift from Pakellas
  1934 | D:3      | Reached XP level 5. HP: 38/41 MP: 6/6
  2213 | D:3      | Noticed a big kobold
  2232 | D:3      | Killed a big kobold
  2232 | D:3      | Reached XP level 6. HP: 32/47 MP: 6/8
  2272 | D:3      | HP: 2/47 [poisoned by a kobold]
  2274 | D:3      | Succumbed to a kobold's poison

Dungeon Overview and Level Annotations

Branches:
Dungeon (3/15)

Altars:
Pakellas


Message History

You are too injured to fight recklessly!
You are too injured to fight recklessly!
You are too injured to fight recklessly!
You are too injured to fight recklessly!
You are too injured to fight recklessly!
You are too injured to fight recklessly!
You are too injured to fight recklessly!
You are too injured to fight recklessly!
You are too injured to fight recklessly!
You are too injured to fight recklessly!
You are too injured to fight recklessly!
You are too injured to fight recklessly!
You are too injured to fight recklessly!
You are too injured to fight recklessly!
You are too injured to fight recklessly!
You are too injured to fight recklessly!
You barely miss the kobold. You miss the adder.
You feel sick. The adder barely misses you.
The adder bites you but does no damage. The kobold barely misses you.
Unknown command.
You barely miss the kobold. You closely miss the adder.
You feel sick. The adder bites you.
You are more poisoned.
The adder poisons you!
The kobold hits you with a dagger of venom.
The adder barely misses you.
Unknown command.
Evoke which item? (* to show all) (? for menu, Esc to quit)
Okay, then.
You feel sick.
You feel sick.
You feel sick.
Evoke which item? (* to show all) (? for menu, Esc to quit)
Zapping:
p - a wand of confusion (31/48)
Press: ? - help, Shift-Dir - straight line, f - kobold
Aim: a kobold, wielding a dagger of venom (chance to defeat MR: 84%)
The kobold appears confused.
This wand has 30 charges left.
You feel sick. The kobold hits you but does no damage.
You are lethally poisoned!
Evoke which item? (* to show all) (? for menu, Esc to quit)
Zapping:
p - a wand of confusion (30/48)
Press: ? - help, Shift-Dir - straight line, f - adder, p - kobold
Aim: an adder (chance to defeat MR: 61%)
The adder appears confused.
This wand has 29 charges left.
You feel sick.
Drink which item? (? for menu, Esc to quit)
It was a potion of flight.
You feel very buoyant.
You fly up into the air.
You feel sick.
Drink which item? (? for menu, Esc to quit)
It was a potion of agility.
You feel agile all of a sudden.
You feel sick.
The adder bites the kobold.
The kobold is killed!
Pakellas accepts your kill.
Drink which item? (? for menu, Esc to quit)
It was a potion of might.
You feel very mighty all of a sudden.
You feel sick.
Drink which item? (? for menu, Esc to quit)
It was a potion of brilliance.
You feel clever all of a sudden.
You feel sick.
Drink which item? (? for menu, Esc to quit)
It was a potion of magic.
Magic courses through your body.
You feel sick.
You feel sick.
You feel sick.
You feel sick.
You feel sick.
You feel sick.
You feel sick.
You see here a stone.
You reach down and open the door.
An adder and a rat come into view.
You feel sick.
Found a cloak.
You feel sick.
Found a pair of gloves.
There is an open door here.
You die...
Pakellas says: Time to start the next experiment...

You could see 2 adders and a rat (sleeping).

Vanquished Creatures
  A big kobold (D:3)
  A crimson imp (D:3)
  3 adders
  4 worms
  A dart slug (D:1)
  2 giant geckos
  7 orcs (D:3)
  A giant cockroach (D:1)
  5 goblins
  7 hobgoblins
  4 jackals (D:2)
  8 kobolds
  4 quokkas
  A ball python (D:2)
  10 bats
  5 giant newts
  4 rats
68 creatures vanquished.

Action                   |  1- 3 |  4- 6 || total
-------------------------+-------+-------++-------
Melee: Hand axe          |   128 |    77 ||   205
       War axe           |       |    60 ||    60
Evoke: Wand              |       |     3 ||     3
  Use: Potion            |       |     5 ||     5
  Eat: Chunk             |     1 |     4 ||     5
Armor: Scale mail        |    96 |    75 ||   171
Dodge: Dodged            |    96 |    68 ||   164

Vault maps used:
D:1:      lightli_arrival_chessboard
D:2:      first_bread, ecumenical_altar_2
D:3:      kennysheep_six_static_rooms
